General information
- name: BNet
- type: Ladder team game (AT/RT)
- host: Battle.net
- saver: Kduawndidol
map: Cherryville
- players: 8
- length: 36:04
- speed: Fast
- version: 1.26 W3XP
- replay type: Public
» download(209 KB)
Players
team 1 (loser)

»
cerillo (
pink | 42 APM | 1206 actions | 28:59)
5 Priestess of the Moon
3 Searing Arrows
2 Trueshot Aura
4 Keeper of the Grove
2 Entangling Roots
2 Thorns Aura
» actions
| Basic commands | 10 | |
| Build / train | 74 | |
| ESC pressed | 4 | |
| Enter build submenu | 20 | |
| Enter hero's abilities submenu | 9 | |
| Give item / drop item | 1 | |
| Right click | 497 | |
| Select / deselect | 527 | |
| Use ability | 64 | |
1206 total
» units
| Wisp | 12 | |
| Archer | 7 | |
| Goblin Shredder | 1 | |
| Hippogryph | 14 | |
| Chimaera | 12 | |
46 total
» upgrades
| Strength of the Wild | 4 | |
| Reinforced Hides | 4 | |
| Well Spring | 1 | |
| Corrosive Breath | 1 | |
| Ultravision | 1 | |
| Druid of the Claw Training | 1 | |
12 total
» buildings
| Moon Well | 10 | |
| Altar of Elders | 1 | |
| Ancient of War | 1 | |
| Tree of Ages | 1 | |
| Hunter's Hall | 1 | |
| Tree of Life | 1 | |
| Tree of Eternity | 1 | |
| Ancient of Wind | 2 | |
| Chimaera Roost | 3 | |
21 total
» build order
00:20 Moon Well
00:48 Altar of Elders
01:01 Ancient of War
01:26 Moon Well
02:08 Moon Well
02:46 Tree of Ages
03:47 Hunter's Hall
05:02 Tree of Life
05:09 Tree of Eternity
06:04 Ancient of Wind
06:57 Moon Well
07:52 Chimaera Roost
07:57 Chimaera Roost
09:18 Moon Well
09:32 Ancient of Wind
14:44 Moon Well
15:29 Moon Well
16:32 Moon Well
17:31 Chimaera Roost
23:43 Moon Well
23:45 Moon Well
» items
| Scroll of Town Portal | 2 | |
| Scroll of Regeneration | 1 | |
3 total
dreanbra10 (
orange | 45 APM | 1622 actions | 36:02)
7 Archmage
2 Summon Water Elemental
2 Blizzard
2 Brilliance Aura
1 Mass Teleport
» actions
| Basic commands | 158 | |
| Build / train | 138 | |
| Enter build submenu | 37 | |
| Enter hero's abilities submenu | 7 | |
| Give item / drop item | 2 | |
| Right click | 667 | |
| Select / deselect | 505 | |
| Use ability | 108 | |
1622 total
» units
| Peasant | 8 | |
| Rifleman | 9 | |
| Mortar Team | 12 | |
| Siege Engine | 18 | |
| Druid of the Claw | 15 | |
| Dryad | 12 | |
| Archer | 3 | |
| Goblin Shredder | 1 | |
| Huntress | 5 | |
| Peon | 3 | |
86 total
» upgrades
| Gunpowder | 2 | |
| Armor | 2 | |
| Lumber Harvesting | 2 | |
| Masonry | 2 | |
| Long Rifles | 1 | |
| Flare | 1 | |
| Barrage | 1 | |
| Druid of the Claw Training | 1 | |
| Strength of the Wild | 1 | |
| Reinforced Hides | 1 | |
| Ultravision | 1 | |
| Fragmentation Shards | 1 | |
| Sentinel | 1 | |
| Mark of the Claw | 1 | |
| Upgrade Moon Glaive | 1 | |
| Marksmanship | 1 | |
| Vorpal Blades | 1 | |
21 total
» buildings
| Altar of Kings | 1 | |
| Farm | 9 | |
| Lumber Mill | 1 | |
| Blacksmith | 1 | |
| Scout Tower | 6 | |
| Barracks | 1 | |
| Arcane Tower | 1 | |
| Keep | 1 | |
| Arcane Vault | 1 | |
| Workshop | 3 | |
| Guard Tower | 7 | |
| Castle | 1 | |
| Town Hall | 2 | |
| Moon Well | 5 | |
| Ancient Protector | 2 | |
| Orc Burrow | 1 | |
| Tree of Life | 1 | |
44 total
» build order
00:06 Altar of Kings
00:08 Farm
00:24 Lumber Mill
01:12 Blacksmith
01:23 Scout Tower
01:45 Barracks
02:03 Arcane Tower
02:10 Farm
02:57 Farm
03:38 Farm
04:26 Farm
04:28 Keep
05:06 Farm
05:46 Arcane Vault
06:54 Farm
07:39 Workshop
08:46 Scout Tower
08:50 Workshop
09:45 Guard Tower
09:45 Guard Tower
10:06 Scout Tower
10:34 Scout Tower
10:39 Castle
10:51 Guard Tower
10:54 Scout Tower
11:48 Guard Tower
11:49 Guard Tower
12:14 Scout Tower
13:28 Guard Tower
13:31 Town Hall
15:21 Moon Well
17:04 Moon Well
21:50 Moon Well
22:53 Farm
23:54 Moon Well
24:45 Town Hall
25:44 Workshop
25:48 Farm
27:36 Moon Well
29:14 Ancient Protector
29:59 Orc Burrow
30:40 Ancient Protector
31:54 Tree of Life
» items
| Scroll of Regeneration | 5 | |
| Scroll of Town Portal | 4 | |
| Potion of Healing | 4 | |
13 total

»
tarheels0809 (
teal | 29 APM | 851 actions | 29:04)
5 Blademaster
3 Wind Walk
2 Critical Strike
5 Far Seer
3 Feral Spirit
2 Chain Lighting
» actions
| Assign group hotkey | 57 | |
| Build / train | 59 | |
| Enter build submenu | 22 | |
| Enter hero's abilities submenu | 10 | |
| Give item / drop item | 1 | |
| Right click | 239 | |
| Select / deselect | 191 | |
| Select group hotkey | 225 | |
| Use ability | 47 | |
851 total
» units
| Peon | 13 | |
| Troll Headhunter/Berserker | 7 | |
| Wind Rider | 8 | |
| Druid of the Claw | 1 | |
29 total
» upgrades
| Armor | 3 | |
| Ranged Weapons | 3 | |
| Spiked Barricades | 3 | |
| Envenomed Spears | 1 | |
| Reinforced Defenses | 1 | |
| Reinforced Hides | 1 | |
12 total
» buildings
| Altar of Storms | 2 | |
| War Mill | 1 | |
| Orc Burrow | 10 | |
| Barracks | 2 | |
| Watch Tower | 2 | |
| Stronghold | 1 | |
| Beastiary | 2 | |
| Fortress | 1 | |
| Voodoo Lounge | 1 | |
| Tree of Eternity | 1 | |
| Great Hall | 1 | |
24 total
» build order
00:06 Altar of Storms
00:09 War Mill
00:20 Orc Burrow
01:41 Barracks
02:15 Orc Burrow
03:23 Watch Tower
04:26 Stronghold
04:50 Orc Burrow
06:01 Watch Tower
06:53 Beastiary
07:39 Beastiary
07:59 Fortress
08:42 Orc Burrow
08:49 Orc Burrow
10:05 Orc Burrow
11:01 Voodoo Lounge
13:56 Orc Burrow
15:05 Orc Burrow
17:17 Orc Burrow
21:06 Tree of Eternity
22:07 Great Hall
25:42 Orc Burrow
27:24 Altar of Storms
28:48 Barracks
» items
| Potion of Healing | 1 | |
| Scroll of Town Portal | 1 | |
| Orb of Lightning | 1 | |
3 total

»
init2win-it (
yellow | 27 APM | 375 actions | 14:00)
4 Demon Hunter
2 Immolation
2 Evasion
2 Priestess of the Moon
1 Trueshot Aura
1 Searing Arrows
» actions
| Basic commands | 19 | |
| Build / train | 56 | |
| Enter build submenu | 13 | |
| Enter hero's abilities submenu | 6 | |
| Right click | 153 | |
| Select / deselect | 112 | |
| Use ability | 16 | |
375 total
» units
» upgrades
| Abolish Magic | 1 | |
| Strength of the Wild | 1 | |
| Reinforced Hides | 1 | |
3 total
» buildings
| Altar of Elders | 1 | |
| Moon Well | 5 | |
| Ancient of War | 1 | |
| Hunter's Hall | 1 | |
| Tree of Ages | 1 | |
| Ancient of Lore | 2 | |
| Tree of Life | 1 | |
12 total
» build order
00:16 Altar of Elders
00:19 Moon Well
00:24 Ancient of War
02:08 Moon Well
02:36 Hunter's Hall
03:09 Moon Well
03:49 Tree of Ages
04:44 Moon Well
06:12 Ancient of Lore
06:19 Ancient of Lore
07:29 Tree of Life
09:27 Moon Well
team 2 (winner)
Angel-of-Fate4 (
purple | 40 APM | 1444 actions | 36:02)
8 Mountain King
3 Storm Bolt
3 Bash
1 Avatar
1 Thunder Clap
5 Paladin
2 Holy Light
2 Divine Shield
1 Devotion Aura
» actions
| Assign group hotkey | 3 | |
| Basic commands | 33 | |
| Build / train | 65 | |
| Enter build submenu | 43 | |
| Enter hero's abilities submenu | 14 | |
| Give item / drop item | 7 | |
| Remove unit from queue | 1 | |
| Right click | 738 | |
| Select / deselect | 414 | |
| Select group hotkey | 13 | |
| Use ability | 113 | |
1444 total
» units
| Peasant | 12 | |
| Footman | 8 | |
| Goblin Shredder | 1 | |
| Gryphon Rider | 3 | |
| Dragonhawk Rider | 1 | |
25 total
» upgrades
» buildings
| Altar of Kings | 4 | |
| Barracks | 1 | |
| Farm | 17 | |
| Arcane Vault | 1 | |
| Lumber Mill | 2 | |
| Keep | 2 | |
| Scout Tower | 7 | |
| Guard Tower | 3 | |
| Town Hall | 3 | |
| Castle | 2 | |
| Blacksmith | 1 | |
| Gryphon Aviary | 3 | |
46 total
» build order
00:10 Altar of Kings
00:22 Barracks
00:37 Farm
00:53 Farm
01:44 Farm
02:39 Arcane Vault
03:18 Lumber Mill
03:54 Keep
04:13 Scout Tower
04:27 Scout Tower
04:58 Scout Tower
05:01 Guard Tower
05:05 Town Hall
05:13 Farm
05:31 Guard Tower
06:18 Farm
07:28 Castle
07:50 Blacksmith
08:57 Gryphon Aviary
09:08 Gryphon Aviary
09:17 Gryphon Aviary
09:27 Farm
11:13 Farm
14:52 Town Hall
14:57 Scout Tower
14:59 Scout Tower
15:02 Farm
15:04 Farm
15:08 Farm
15:10 Farm
15:12 Farm
15:16 Altar of Kings
15:19 Altar of Kings
15:29 Guard Tower
15:34 Scout Tower
15:35 Scout Tower
16:01 Farm
21:14 Farm
21:54 Farm
25:41 Town Hall
29:36 Farm
29:58 Altar of Kings
31:44 Keep
34:12 Castle
34:16 Farm
35:13 Lumber Mill
» items
| Scroll of Regeneration | 2 | |
| Potion of Mana | 1 | |
| Lesser Clarity Potion | 1 | |
| Potion of Healing | 2 | |
| Scroll of Town Portal | 4 | |
| Orb of Fire | 1 | |
| Potion of Lesser Invulnerability | 1 | |
| Boots of Speed | 1 | |
13 total

»
SOOEZ (
green | 45 APM | 1637 actions | 36:02)
7 Death Knight
3 Death Coil
3 Unholy Aura
1 Animate Dead
5 Lich
3 Frost Nova
2 Dark Ritual
» actions
| Assign group hotkey | 20 | |
| Basic commands | 6 | |
| Build / train | 59 | |
| Enter build submenu | 19 | |
| Enter hero's abilities submenu | 12 | |
| Give item / drop item | 3 | |
| Right click | 859 | |
| Select / deselect | 363 | |
| Select group hotkey | 175 | |
| Use ability | 121 | |
1637 total
» units
| Acolyte | 2 | |
| Ghoul | 6 | |
| Crypt Fiend | 9 | |
| Abomination | 7 | |
| Frost Wyrm | 3 | |
27 total
» upgrades
» buildings
| Crypt | 1 | |
| Ziggurat | 9 | |
| Altar of Darkness | 1 | |
| Tomb of Relics | 1 | |
| Graveyard | 1 | |
| Halls of the Dead | 2 | |
| Black Citadel | 1 | |
| Slaughterhouse | 1 | |
| Sacrificial Pit | 1 | |
| Boneyard | 2 | |
| Spirit Tower | 2 | |
22 total
» build order
00:34 Crypt
00:37 Ziggurat
00:54 Altar of Darkness
01:08 Tomb of Relics
01:29 Graveyard
02:08 Ziggurat
02:36 Ziggurat
03:34 Halls of the Dead
03:34 Halls of the Dead
04:48 Ziggurat
04:50 Ziggurat
05:45 Ziggurat
06:18 Ziggurat
06:26 Black Citadel
07:41 Slaughterhouse
07:52 Sacrificial Pit
14:55 Boneyard
15:39 Boneyard
18:03 Ziggurat
18:05 Ziggurat
19:21 Spirit Tower
20:43 Spirit Tower
» items
| Rod of Necromancy | 1 | |
| Scroll of Protection | 1 | |
| Scroll of Healing | 1 | |
| Potion of Lesser Invulnerability | 1 | |
| Scroll of Town Portal | 2 | |
| Orb of Corruption | 1 | |
| Scroll of Regeneration | 3 | |
10 total
Kduawndidol (
blue | 64 APM | 2324 actions | 36:04)
7 Crypt Lord
3 Carrion Beetles
3 Spiked Carapace
1 Locust Swarm
5 Death Knight
2 Unholy Aura
3 Death Coil
» actions
| Assign group hotkey | 57 | |
| Basic commands | 46 | |
| Build / train | 115 | |
| ESC pressed | 2 | |
| Enter build submenu | 26 | |
| Enter hero's abilities submenu | 12 | |
| Right click | 706 | |
| Select / deselect | 577 | |
| Select group hotkey | 520 | |
| Use ability | 263 | |
2324 total
» units
| Acolyte | 8 | |
| Ghoul | 9 | |
| Crypt Fiend | 15 | |
| Obsidian Statue | 10 | |
| Gargoyle | 2 | |
| Abomination | 1 | |
| Frost Wyrm | 6 | |
51 total
» upgrades
| Creature Attack | 3 | |
| Web | 1 | |
| Burrow | 1 | |
| Creature Carapace | 3 | |
| Ghoul Frenzy | 1 | |
| Disease Cloud | 1 | |
| Destroyer Form | 1 | |
| Unholy Armor | 1 | |
| Freezing Breath | 1 | |
| Unholy Strength | 1 | |
| Stone Form | 1 | |
15 total
» buildings
| Altar of Darkness | 1 | |
| Ziggurat | 14 | |
| Crypt | 1 | |
| Graveyard | 1 | |
| Nerubian Tower | 1 | |
| Tomb of Relics | 1 | |
| Halls of the Dead | 6 | |
| Spirit Tower | 11 | |
| Slaughterhouse | 1 | |
| Black Citadel | 1 | |
| Sacrificial Pit | 1 | |
| Boneyard | 1 | |
| Necropolis | 2 | |
42 total
» build order
00:08 Altar of Darkness
00:10 Ziggurat
00:33 Crypt
00:57 Graveyard
01:11 Nerubian Tower
01:22 Tomb of Relics
01:50 Ziggurat
03:51 Halls of the Dead
03:52 Halls of the Dead
03:52 Halls of the Dead
03:52 Halls of the Dead
04:05 Spirit Tower
05:04 Ziggurat
06:27 Slaughterhouse
08:16 Ziggurat
08:18 Ziggurat
08:19 Ziggurat
09:14 Spirit Tower
09:27 Spirit Tower
09:37 Spirit Tower
10:18 Spirit Tower
10:43 Black Citadel
13:37 Sacrificial Pit
16:23 Boneyard
17:45 Ziggurat
20:53 Spirit Tower
24:30 Ziggurat
25:16 Necropolis
25:36 Ziggurat
25:45 Ziggurat
29:48 Spirit Tower
30:59 Necropolis
33:15 Halls of the Dead
33:17 Ziggurat
33:18 Ziggurat
33:19 Ziggurat
33:21 Ziggurat
33:30 Spirit Tower
34:11 Spirit Tower
34:22 Spirit Tower
» items
| Rod of Necromancy | 2 | |
| Sacrificial Skull | 1 | |
| Boots of Speed | 1 | |
| Orb of Corruption | 1 | |
| Potion of Healing | 2 | |
| Scroll of Healing | 2 | |
| Scroll of Town Portal | 4 | |
13 total

»
JonArsen (
red | 38 APM | 1381 actions | 36:02)
8 Blademaster
3 Wind Walk
3 Critical Strike
1 Bladestorm
1 Mirror Image
» actions
| Assign group hotkey | 40 | |
| Basic commands | 219 | |
| Build / train | 72 | |
| Enter build submenu | 31 | |
| Enter hero's abilities submenu | 8 | |
| Give item / drop item | 1 | |
| Right click | 384 | |
| Select / deselect | 401 | |
| Select group hotkey | 179 | |
| Use ability | 46 | |
1381 total
» units
| Peon | 16 | |
| Troll Headhunter/Berserker | 10 | |
| Wind Rider | 19 | |
45 total
» upgrades
| Ranged Weapons | 3 | |
| Armor | 3 | |
| Envenomed Spears | 1 | |
7 total
» buildings
| War Mill | 1 | |
| Altar of Storms | 1 | |
| Barracks | 1 | |
| Orc Burrow | 9 | |
| Watch Tower | 12 | |
| Stronghold | 1 | |
| Voodoo Lounge | 2 | |
| Great Hall | 1 | |
| Fortress | 1 | |
| Beastiary | 2 | |
31 total
» build order
00:08 War Mill
00:36 Altar of Storms
00:59 Barracks
01:13 Orc Burrow
02:11 Orc Burrow
03:11 Orc Burrow
03:26 Watch Tower
04:24 Orc Burrow
04:27 Stronghold
05:20 Orc Burrow
05:59 Voodoo Lounge
08:02 Great Hall
08:51 Watch Tower
08:56 Watch Tower
09:09 Watch Tower
09:20 Watch Tower
09:36 Watch Tower
10:24 Watch Tower
10:27 Watch Tower
10:30 Watch Tower
10:39 Watch Tower
11:04 Watch Tower
12:44 Fortress
12:59 Beastiary
13:01 Beastiary
17:26 Orc Burrow
18:19 Orc Burrow
21:56 Orc Burrow
22:03 Voodoo Lounge
23:10 Watch Tower
27:37 Orc Burrow
» items
| Boots of Speed | 1 | |
| Periapt of Vitality | 1 | |
| Scroll of Town Portal | 4 | |
| Potion of Healing | 3 | |
9 total
Chat log
(00:21 / Allies) Kduawndidol: units?
(09:05 / Allies) SOOEZ: who needs wood
(10:26 / Allies) Kduawndidol: b
(12:39 / Allies) JonArsen: fuck you green
(12:41 / Allies) JonArsen: LOL
(14:00 / Allies) JonArsen: DROP
(14:02 / Allies) SOOEZ: .. i tped
(14:09 / Allies) Kduawndidol: tped too late though
(14:13 / Allies) Kduawndidol: waiting for my crypt lord
(14:20 / Allies) JonArsen: lumber
(15:14 / Allies) JonArsen: lumber plz
(15:27 / Allies) JonArsen: thx
(16:04 / Allies) SOOEZ: need aa
(17:06 / Allies) Kduawndidol: gj
(19:29 / Allies) SOOEZ: didnt have to tp
(22:12 / Allies) Angel-of-Fate4: no shop red?
(22:21 / Allies) JonArsen: he kileld it rebuilding
(22:26 / Allies) Angel-of-Fate4: ic
(24:09 / Allies) SOOEZ: hero
(27:31 / Allies) Kduawndidol: kill t3 if you can
(28:36 / Allies) Kduawndidol: gj
(28:57 / Allies) SOOEZ: cake
(29:04 / Allies) Angel-of-Fate4: well done fellas
(29:05 / All) Kduawndidol: gg
(29:07 / Allies) Kduawndidol: yeah
(29:08 / Allies) Kduawndidol: good job!
(29:16 / Allies) Angel-of-Fate4: team work
(29:30 / Allies) Kduawndidol: surprised we won this tbh after their first push, it did a lot of damage
(29:34 / Allies) SOOEZ: red kinda sucked but oh well
(30:02 / Allies) JonArsen: ....
(30:15 / Allies) JonArsen: im new but thx for that..
(32:04 / Allies) SOOEZ: lol
(32:06 / Allies) SOOEZ: running
(32:24 / All) Kduawndidol: gg
(32:39 / All) JonArsen: just leave
(32:53 / Allies) JonArsen: fuck you green
(32:57 / Allies) SOOEZ: how did u die
(33:00 / Allies) Kduawndidol: lol
(33:06 / Allies) Angel-of-Fate4: lol
(33:26 / Allies) SOOEZ: :P
(33:38 / Allies) SOOEZ: umadbro?
(33:45 / Allies) JonArsen: your a prick
(33:52 / Allies) SOOEZ: lmao
(33:53 / Allies) Kduawndidol: the game is over, it was only a hero
(34:40 / Allies) SOOEZ: u cant catch me lol
(35:14 / All) Kduawndidol: gg
(35:46 / Allies) Kduawndidol: gg
(35:48 / Allies) Kduawndidol: gj
(35:54 / Allies) Angel-of-Fate4: haha
(35:55 / Allies) Angel-of-Fate4: gg
(35:58 / Allies) Kduawndidol: well played